 Dungeon Sprint DCSS version 0.19-a0-1922-g1e9a4c1 (webtiles) character file.

104 LORDOFBUTT the Cleaver (level 4, -5/45 HPs)
             Began as a Hill Orc Monk on Oct 24, 2016.
             Was a Believer of Beogh.
             Slain by a hill giant
             ... wielding a +0 giant spiked club
              (39 damage)
             ... in the Dungeon (Sprint IX: "|||||||||||||||||||||||||||||").
             The game lasted 00:01:17 (205 turns).

LORDOFBUTT the Cleaver (Hill Orc Monk)               Turns: 205, Time: 00:01:17

Health: -5/45      AC:  9    Str: 14    XL:     4   Next: 80%
Magic:  4/5        EV: 13    Int: 13    God:    Beogh [**....]
Gold:   0          SH:  0    Dex: 16    Spells: 0 memorised, 3 levels left

rFire  . . .     SeeInvis .     m - +1 broad axe (freeze)
rCold  . . .     Gourm    .     p - +2 ring mail
rNeg   . . .     Faith    .     (no shield)
rPois  .         Spirit   .     (no helmet)
rElec  .         Reflect  .     n - +0 cloak
rCorr  .         Harm     .     (no gloves)
MR     .....     NoTele   +     o - +0 pair of boots
Stlth  ++........               (no amulet)
                                b - +3 ring of intelligence
                                a - +3 ring of dexterity

@: no status effects
A: no striking features
a: Smiting, Renounce Religion


You were in the Dungeon.
You worshipped Beogh.
Beogh was pleased with you.
You were not hungry.

You visited 1 branch

Inventory:

Hand Weapons
 m - a +1 broad axe of freezing (weapon)
Armour
 n - a +0 cloak (worn)
 o - a +0 pair of boots (worn)
 p - a +2 ring mail (worn)
Jewellery
 a - a +3 ring of dexterity (left hand)
 b - a +3 ring of intelligence (right hand)
Wands
 l - a wand of iceblast (7/15)
Scrolls
 i - 2 scrolls of blinking
 j - 3 scrolls of remove curse
 k - 2 scrolls of amnesia
Potions
 d - 5 potions of curing
 e - 3 potions of heal wounds
 f - a potion of haste
 g - 4 potions of magic
 h - a potion of invisibility
Comestibles
 c - a bread ration


   Skills:
 + Level 6.3 Fighting
 * Level 8.3 Axes
 + Level 4.2 Dodging
 - Level 3.0 Stealth
 + Level 2.4 Invocations


You had 3 spell levels left.
You didn't know any spells.

Dungeon Overview and Level Annotations

Branches:
Dungeon (1/1)

Altars:
Cheibriados
Dithmenos
Elyvilon
Fedhas
Gozag
Hepliaklqana
Kikubaaqudgha
Makhleb
Nemelex Xobeh
Okawaru
Qazlal
Ru
Sif Muna
Trog
Uskayaw
Vehumet
Xom
Yredelemnul
Zin
The Shining One
Beogh
Jiyva
Lugonu


Message History

Your Fighting skill increases to level 6!
Your Dodging skill increases to level 4!
Your Invocations skill increases to level 1!
You hit the worker ant. You freeze the worker ant.
The worker ant is moderately wounded.
The worker ant bites you but does no damage.
You slash the worker ant! You freeze the worker ant.
You kill the worker ant!
Beogh accepts your kill.
Your Axes skill increases to level 8!
Your Invocations skill increases to level 2!
You hit the hill giant. You freeze the hill giant.
The hill giant is lightly wounded.
The yak bellows!
The hill giant hits you with a giant spiked club!
You hit the hill giant but do no damage.
The hill giant is lightly wounded.
The hill giant hits you with a giant spiked club!!!
Ouch! That really hurt!
You die... ▓▓▓▓▓▓▓▓▓▓▓▓▓▓▓▓▓▓▓▓▓▓▓▓ _____.'..|)..)..@CYY.o.+ ▓▓▓▓▓▓▓▓▓▓▓▓▓▓▓▓▓▓▓▓▓▓▓▓

You could see a hill giant, a yak, an ice beast and an orc.

Vanquished Creatures
  A crimson imp (D)
  2 worker ants (D)
  An adder (D)
  An ooze (D)
  2 dart slugs (D)
  A bat zombie (D)
  A quokka skeleton (D)
  3 rats (D)
12 creatures vanquished.

Notes
Turn   | Place    | Note
-------+----------+-------------------------------------------
     0 | D        | LORDOFBUTT the Hill Orc Monk began the quest for the Orb.
     0 | D        | Reached XP level 1. HP: 19/19 MP: 1/1
    20 | D        | Reached skill level 5 in Axes
    20 | D        | Reached XP level 2. HP: 22/28 MP: 2/2
    27 | D        | Noticed a crimson imp
    37 | D        | Killed a crimson imp
    37 | D        | Reached skill level 5 in Fighting
    37 | D        | Reached skill level 6 in Axes
    37 | D        | Reached XP level 3. HP: 36/36 MP: 3/3
    42 | D        | Reached skill level 7 in Axes
    45 | D        | Reached XP level 4. HP: 42/42 MP: 4/4
    82 | D        | Found a roughly hewn altar of Beogh.
    82 | D        | Found a snail-covered altar of Cheibriados.
    82 | D        | Found a shadowy altar of Dithmenos.
    82 | D        | Found a white marble altar of Elyvilon.
    82 | D        | Found a blossoming altar of Fedhas.
    82 | D        | Found an opulent altar of Gozag.
    83 | D        | Found a hazy altar of Hepliaklqana.
    84 | D        | Found a viscous altar of Jiyva.
    85 | D        | Found an ancient bone altar of Kikubaaqudgha.
    86 | D        | Found a corrupted altar of Lugonu.
    87 | D        | Found a burning altar of Makhleb.
    88 | D        | Found a sparkling altar of Nemelex Xobeh.
    89 | D        | Found an iron altar of Okawaru.
    90 | D        | Found a stormy altar of Qazlal.
    91 | D        | Found a sacrificial altar of Ru.
    92 | D        | Found a deep blue altar of Sif Muna.
    93 | D        | Found a bloodstained altar of Trog.
    94 | D        | Found a hide-covered altar of Uskayaw.
    95 | D        | Found a radiant altar of Vehumet.
    96 | D        | Found a shimmering altar of Xom.
    97 | D        | Found a basalt altar of Yredelemnul.
    98 | D        | Found a glowing silver altar of Zin.
    99 | D        | Found a glowing golden altar of the Shining One.
   127 | D        | Became a worshipper of Beogh the Brigand
   127 | D        | Reached * piety under Beogh
   127 | D        | Reached ** piety under Beogh
   198 | D        | Noticed an ice beast
   198 | D        | Noticed a hill giant
   198 | D        | Noticed a yak
   201 | D        | Reached skill level 1 in Invocations
   203 | D        | Reached skill level 8 in Axes
   205 | D        | Slain by a hill giant

Vault maps used:
D:        linesprint

Skill      XL: |  1  2  3  4 |
---------------+-------------+-----
Fighting       | 4 5 6 |  6.3
Axes           | 5 6 7 8 |  8.3
Dodging        | 3 4 |  4.2
Stealth        | 2 3 |  3.0
Invocations    | 2 |  2.4

Action                   |  1- 3 |  4- 6 || total
-------------------------+-------+-------++-------
Melee: Hand axe          |    32 |     1 ||    33
       Broad axe         |       |     6 ||     6
  Use: Potion            |     1 |       ||     1
 Stab: Sleeping          |       |     1 ||     1
Armor: Robe              |     2 |       ||     2
       Ring mail         |       |     1 ||     1
Dodge: Dodged            |    15 |     3 ||    18
